PCL
VANCOUVER VIPERS @ MILE HIGH BRONCOS
08/14/2028
 
TOP OF THE 1ST
Vancouver Vipers batting - Pitching for Mile High Broncos : RHP Denny Green
Pitching: RHP Denny Green
Batting: RHB Quincy Vance 0-0: Called Strike
0-1: Ball
1-1: Called Strike
1-2: Ground out 5-3 (Groundball, 5S)
Batting: RHB Lorenzo González 0-0: Swinging Strike
0-1: SINGLE (Line Drive, 8LS)
Batting: LHB Mike Williams 0-0: Called Strike
0-1: Ball
1-1: Swinging Strike
1-2: Strikes out swinging
Batting: LHB Nick English 0-0: Called Strike
0-1: 2-RUN HOME RUN (Flyball, 9LD), Distance : 379 ft
Batting: RHB Ryan Parrish 0-0: Ball
1-0: Foul Ball, location: 2F
1-1: Foul Ball, location: 2F
1-2: Ball
2-2: Ground out 5-3 (Groundball, 56)
Top of the 1st over - 2 run(s), 2 hit(s), 0 error(s), 0 left on base; Vancouver 2 - Mile High 0
BOTTOM OF THE 1ST
Mile High Broncos batting - Pitching for Vancouver Vipers : RHP Diego González
Pitching: RHP Diego González
Batting: LHB Jesús González 0-0: Ball
1-0: Ball
2-0: DOUBLE (Groundball, 5L)
Batting: RHB Evan Robinson 0-0: Called Strike
0-1: Foul Ball, location: 2F
0-2: Ball
1-2: Ball
2-2: Ball
3-2: Base on Balls
Batting: LHB José Rivas 0-0: Called Strike
0-1: Swinging Strike
0-2: Ball
1-2: Strikes out swinging
Batting: RHB Rodney González 0-0: Ball
1-0: Grounds into double play, 6-4-3 (Groundball, 6M)
Bottom of the 1st over - 0 run(s), 1 hit(s), 0 error(s), 1 left on base; Vancouver 2 - Mile High 0
TOP OF THE 2ND
Vancouver Vipers batting - Pitching for Mile High Broncos : RHP Denny Green
Batting: LHB Stan Bates 0-0: Called Strike
0-1: Ball
1-1: Ball
2-1: Called Strike
2-2: Strikes out swinging
Batting: RHB Alfredo Hernández 0-0: Fly out, F9 (Flyball, 9LMF)
Batting: RHB David Canseco 0-0: Called Strike
0-1: Ball
1-1: Foul Ball, location: 2F
1-2: Ball
2-2: Foul Ball, location: 2F
2-2: Foul Ball, location: 2F
2-2: Ball
3-2: Fly out, F9 (Line Drive, 9S)
Top of the 2nd over - 0 run(s), 0 hit(s), 0 error(s), 0 left on base; Vancouver 2 - Mile High 0
BOTTOM OF THE 2ND
Mile High Broncos batting - Pitching for Vancouver Vipers : RHP Diego González
Batting: LHB Mark Everett 0-0: DOUBLE (Flyball, 8LXD)
Batting: RHB David Moran 0-0: Ball
1-0: Called Strike
1-1: Ball
2-1: Fly out, F8 (Flyball, 89S)
Batting: RHB Jeff Packard 0-0: Ball
1-0: Called Strike
1-1: Foul Ball, location: 2F
1-2: Strikes out swinging
Batting: SHB Tom Stevens 0-0: SINGLE (Line Drive, 7LM)
Mark Everett to third
Batting: RHB John Brown 0-0: Called Strike
0-1: Ball
1-1: Foul Ball, location: 2F
1-2: Fly out, F9 (Flyball, 9LM)
Bottom of the 2nd over - 0 run(s), 2 hit(s), 0 error(s), 2 left on base; Vancouver 2 - Mile High 0
TOP OF THE 3RD
Vancouver Vipers batting - Pitching for Mile High Broncos : RHP Denny Green
Batting: RHB Axel Guimont 0-0: Fly out, F8 (Flyball, 8RM)
Batting: RHB Quincy Vance 0-0: Foul Ball, location: 2F
0-1: Ball
1-1: Ball
2-1: SINGLE (Groundball, 4D)
Batting: RHB Lorenzo González 0-0: Called Strike
0-1: Foul Ball, location: 2F
0-2: Strikes out looking
Batting: LHB Mike Williams 0-0: Called Strike
0-1: Fielders Choice at 2nd, 6-4 (Groundball, 6)
Top of the 3rd over - 0 run(s), 1 hit(s), 0 error(s), 0 left on base; Vancouver 2 - Mile High 0
BOTTOM OF THE 3RD
Mile High Broncos batting - Pitching for Vancouver Vipers : RHP Diego González
Batting: LHB Jesús González 0-0: Swinging Strike
0-1: Ball
1-1: Foul Ball, location: 2F
1-2: Strikes out looking
Batting: RHB Evan Robinson 0-0: Ground out 6-3 (Groundball, 6MD)
Batting: LHB José Rivas 0-0: Ground out 4-3 (Groundball, 4)
Bottom of the 3rd over - 0 run(s), 0 hit(s), 0 error(s), 0 left on base; Vancouver 2 - Mile High 0
TOP OF THE 4TH
Vancouver Vipers batting - Pitching for Mile High Broncos : RHP Denny Green
Batting: LHB Nick English 0-0: Called Strike
0-1: Called Strike
0-2: DOUBLE (Flyball, 78XD)
Batting: RHB Ryan Parrish 0-0: Fly out, F7 (Line Drive, 78D)
Batting: LHB Stan Bates 0-0: Ball
1-0: Ball
2-0: Ball
3-0: Base on Balls
Batting: RHB Alfredo Hernández 0-0: Ball
1-0: Foul Ball, location: 2F
1-1: Ball
2-1: Fly out, F8 (Flyball, 8RD)
Runner from 2nd tags up, SAFE at 3rd, no throw
Batting: RHB David Canseco 0-0: Ball
1-0: Ball
2-0: Swinging Strike
2-1: Fielders Choice at 2nd, 6-4 (Groundball, 6)
Top of the 4th over - 0 run(s), 1 hit(s), 0 error(s), 1 left on base; Vancouver 2 - Mile High 0
BOTTOM OF THE 4TH
Mile High Broncos batting - Pitching for Vancouver Vipers : RHP Diego González
Batting: RHB Rodney González 0-0: Ball
1-0: Called Strike
1-1: Ball
2-1: Foul Ball, location: 2F
2-2: Strikes out swinging
Batting: LHB Mark Everett 0-0: Swinging Strike
0-1: Foul Ball, location: 2F
0-2: Strikes out swinging
Batting: RHB David Moran 0-0: Ball
1-0: Ground out 4-3 (Groundball, 4)
Bottom of the 4th over - 0 run(s), 0 hit(s), 0 error(s), 0 left on base; Vancouver 2 - Mile High 0
TOP OF THE 5TH
Vancouver Vipers batting - Pitching for Mile High Broncos : RHP Denny Green
Batting: RHB Axel Guimont 0-0: Fly out, F7 (Line Drive, 7)
Batting: RHB Quincy Vance 0-0: Ball
1-0: Foul Ball, location: 2F
1-1: Ball
2-1: Ball
3-1: SINGLE (Groundball, 6MD)
Batting: RHB Lorenzo González 0-0: Foul Ball, location: 2F
0-1: Ball
1-1: Foul Ball, location: 2F
1-2: Ball
2-2: Strikes out swinging
Batting: LHB Mike Williams 0-0: Ball
1-0: Called Strike
1-1: Called Strike
1-2: Strikes out looking
Top of the 5th over - 0 run(s), 1 hit(s), 0 error(s), 1 left on base; Vancouver 2 - Mile High 0
BOTTOM OF THE 5TH
Mile High Broncos batting - Pitching for Vancouver Vipers : RHP Diego González
Batting: RHB Jeff Packard 0-0: Called Strike
0-1: Fly out, F8 (Flyball, 89M)
Batting: SHB Tom Stevens 0-0: Called Strike
0-1: Called Strike
0-2: Foul Ball, location: 2F
0-2: Ground out U3 (Groundball, 34)
Batting: RHB John Brown 0-0: Foul Ball, location: 2F
0-1: Swinging Strike
0-2: Ball
1-2: Ground out 2-3 (Groundball, 2L)
Bottom of the 5th over - 0 run(s), 0 hit(s), 0 error(s), 0 left on base; Vancouver 2 - Mile High 0
TOP OF THE 6TH
Vancouver Vipers batting - Pitching for Mile High Broncos : RHP Denny Green
Batting: LHB Nick English 0-0: Called Strike
0-1: Ball
1-1: Fly out, F6 (Line Drive, 6M)
Batting: RHB Ryan Parrish 0-0: Ball
1-0: Foul Ball, location: 2F
1-1: Foul Ball, location: 2F
1-2: Ball
2-2: Foul Ball, location: 2F
2-2: Strikes out swinging
Batting: LHB Stan Bates 0-0: Ball
1-0: Ball
2-0: Foul Ball, location: 2F
2-1: Ball
3-1: SINGLE (Flyball, 7LS)
Batting: RHB Alfredo Hernández 0-0: Ball
1-0: Fielders Choice at 2nd, 6-4 (Groundball, 6)
Top of the 6th over - 0 run(s), 1 hit(s), 0 error(s), 0 left on base; Vancouver 2 - Mile High 0
BOTTOM OF THE 6TH
Mile High Broncos batting - Pitching for Vancouver Vipers : RHP Diego González
Batting: LHB Jesús González 0-0: Called Strike
0-1: Ball
1-1: Swinging Strike
1-2: Ball
2-2: Strikes out looking
Batting: RHB Evan Robinson 0-0: Ball
1-0: Ball
2-0: Ball
3-0: Called Strike
3-1: Fly out, F8 (Flyball, 8LD)
Batting: LHB José Rivas 0-0: Ground out 2-3 (Groundball, 2R)
Bottom of the 6th over - 0 run(s), 0 hit(s), 0 error(s), 0 left on base; Vancouver 2 - Mile High 0
TOP OF THE 7TH
Vancouver Vipers batting - Pitching for Mile High Broncos : RHP Denny Green
Batting: RHB David Canseco 0-0: Swinging Strike
0-1: Ball
1-1: Ball
2-1: Ball
3-1: SINGLE (Groundball, 56D)
Batting: RHB Axel Guimont 0-0: Foul Ball, location: 2F
0-1: Ball
1-1: Ball
2-1: Ball
3-1: Bunted foul
3-2: Fly out, F8 (Flyball, 8RD)
Batting: RHB Quincy Vance 0-0: Called Strike
0-1: Grounds into double play, 5-4-3 (Groundball, 5)
Top of the 7th over - 0 run(s), 1 hit(s), 0 error(s), 0 left on base; Vancouver 2 - Mile High 0
BOTTOM OF THE 7TH
Mile High Broncos batting - Pitching for Vancouver Vipers : RHP Diego González
Batting: RHB Rodney González 0-0: Called Strike
0-1: Ball
1-1: Ball
2-1: Fly out, F9 (Line Drive, 9)
Batting: LHB Mark Everett 0-0: Ball
1-0: Ball
2-0: Called Strike
2-1: Foul Ball, location: 2F
2-2: Fly out, F5 (Line Drive, 5S)
Batting: RHB David Moran 0-0: Called Strike
0-1: Reached on error, E6 (Groundball, 56)
Batting: RHB Jeff Packard 0-0: Ground out U3 (Groundball, 34)
Bottom of the 7th over - 0 run(s), 0 hit(s), 1 error(s), 1 left on base; Vancouver 2 - Mile High 0
TOP OF THE 8TH
Vancouver Vipers batting - Pitching for Mile High Broncos : RHP Denny Green
Pitching: RHP Archie Summers
Batting: RHB Lorenzo González 0-0: Called Strike
0-1: Ball
1-1: Ground out 1-3 (Groundball, 13S)
Batting: LHB Mike Williams 0-0: Foul Ball, location: 2F
0-1: Foul Ball, location: 2F
0-2: Ball
1-2: Foul Ball, location: 2F
1-2: Ball
2-2: Foul Ball, location: 2F
2-2: Foul Ball, location: 2F
2-2: Foul Ball, location: 2F
2-2: Ball
3-2: DOUBLE (Flyball, 78D)
Batting: LHB Nick English 0-0: Ball
1-0: Ground out 4-3 (Groundball, 4)
Mike Williams to third
Batting: RHB Ryan Parrish 0-0: Ball
1-0: Ball
2-0: Ball
3-0: Called Strike
3-1: Base on Balls
Batting: LHB Stan Bates 0-0: Foul Ball, location: 2F
0-1: Swinging Strike
0-2: Ball
1-2: Strikes out swinging
Top of the 8th over - 0 run(s), 1 hit(s), 0 error(s), 2 left on base; Vancouver 2 - Mile High 0
BOTTOM OF THE 8TH
Mile High Broncos batting - Pitching for Vancouver Vipers : RHP Diego González
Batting: SHB Tom Stevens 0-0: Foul Ball, location: 2F
0-1: Ball
1-1: Swinging Strike
1-2: Strikes out swinging
Batting: RHB John Brown 0-0: Ground out 4-3 (Groundball, 4M)
Batting: LHB Jesús González 0-0: Ball
1-0: Ball
2-0: Foul Ball, location: 2F
2-1: Ball
3-1: Called Strike
3-2: Fly out, F8 (Flyball, 89M)
Bottom of the 8th over - 0 run(s), 0 hit(s), 0 error(s), 0 left on base; Vancouver 2 - Mile High 0
TOP OF THE 9TH
Vancouver Vipers batting - Pitching for Mile High Broncos : RHP Archie Summers
Pitching: RHP David Bailey
Batting: RHB Alfredo Hernández 0-0: Ball
1-0: Foul Ball, location: 2F
1-1: Reached on error, E3 (Groundball, 34)
Batting: RHB David Canseco 0-0: Ball
1-0: Fly out, F7 (Line Drive, 78M)
Batting: RHB Axel Guimont 0-0: Ground out U3 (Groundball, 3L)
Alfredo Hernández to third
Batting: RHB Quincy Vance 0-0: Called Strike
0-1: Ground out 6-3 (Groundball, 6)
Top of the 9th over - 0 run(s), 0 hit(s), 1 error(s), 1 left on base; Vancouver 2 - Mile High 0
BOTTOM OF THE 9TH
Mile High Broncos batting - Pitching for Vancouver Vipers : RHP Diego González
Batting: RHB Evan Robinson 0-0: Ball
1-0: DOUBLE (Groundball, 5L)
Batting: LHB José Rivas 0-0: Ball
Wild Pitch!
Evan Robinson to third
1-0: Ball
2-0: Foul Ball, location: 2F
2-1: SINGLE (Line Drive, 6D)
Evan Robinson scores
Pitching: RHP Augusto Herrera
Batting: RHB Rodney González 0-0: Ball
1-0: Foul Ball, location: 2F
1-1: Foul Ball, location: 2F
1-2: Ball
2-2: Ball
3-2: DOUBLE (Line Drive, 7D)
José Rivas to third
Runner from 3rd tries for Home, SAFE, throw made at trailing runner, SAFE at third!
Batting: LHB Mark Everett 0-0: Swinging Strike
0-1: Ball
1-1: Called Strike
1-2: Strikes out swinging
Pinch Hitting: LHB Tony Báez 0-0: Intentional Walk
Batting: RHB Jeff Packard 0-0: Foul Ball, location: 2F
0-1: Ball
1-1: DOUBLE (Flyball, 8LD)
Rodney González scores
Tuesday, August 8th, 2017 - OOTP Baseball 17.12 Build 75